Map: Incorporeal LE

Players

ManlyManMeat - Winner!

  • Race: Zerg Zerg
  • League: Diamond
  • Spawn Location: 5:00

Cerbs

  • Race: Terran Terran
  • League: Master
  • Spawn Location: 11:00

VOD

Have the link to the VOD?

Description

Time

  • Played on: July 8, 2025, 6:32 p.m.
  • Length: 10:15
Show
View Real Time Build Order
Export as new Build Order

ManlyManMeat Zerg - Winner!

Build Orders: Hatch First 

Get SALT Encoding   

  12  0:00  Drone  
  13  0:08  Drone  
  14  0:15  Drone, Extractor  
  15  0:22  Overlord  
  15  0:41  Drone  
  16  0:47  Hatchery  
  15  0:50  Drone  
  15  0:55  Drone  
  17  0:58  Drone  
  18  1:08  Extractor  
  17  1:14  Spawning Pool  
  17  1:17  Drone  
  17  1:21  Drone  
  18  1:29  Drone  
  19  1:43  Drone  
  20  1:59  Drone  
  20  2:00  Queen  
  20  2:01  Queen  
  25  2:02  Zergling x2  
  25  2:07  Overlord  
  26  2:14  Drone x2  
  28  2:20  Overlord  
  28  2:35  Hatchery  
  27  2:41  Drone x2  
  27  2:42  Drone  
  30  2:46  Drone  
  30  2:47  Drone  
  32  2:59  Overlord x2  
  32  3:05  Overlord  
  32  3:08  Overlord  
  32  3:19  Drone x5  
  37  3:21  Drone  
  37  3:25  Metabolic Boost  
  38  3:32  Baneling Nest  
  38  3:33  Drone  
  38  3:40  Drone, Roach Warren  
  38  3:48  Queen  
  38  3:53  Drone x4  
  44  3:57  Zergling x4  
  44  3:58  Zergling x2  
  44  4:00  Zergling x2  
  44  4:02  Zergling x2  
  49  4:03  Zergling x2  
  49  4:09  Queen  
  52  4:24  Drone x2, Queen  
  54  4:25  Drone  
  57  4:35  Spore Crawler  
  57  4:36  Drone x4, Spore Crawler  
  57  4:37  Spore Crawler  
  58  4:44  Queen  
  59  4:50  Drone  
  59  4:51  Drone x3  
  63  4:53  Extractor  
  63  4:54  Drone x2, Extractor  
  63  4:55  Drone x2  
  63  4:56  Drone, Extractor  
  63  4:57  Overlord  
  65  5:00  Overlord  
  65  5:08  Overlord  
  65  5:09  Overlord  
  65  5:11  Lair  
  65  5:14  Drone, Evolution Chamber  
  65  5:20  Baneling x2  
  65  5:24  Evolution Chamber  
  64  5:42  Zerg Melee Weapons Level 1  
  64  5:44  Roach x3  
  70  5:55  Pneumatized Carapace  
  70  5:57  Drone x3  
  70  5:58  Drone x3  
  70  5:59  Drone x3  
  70  6:00  Drone  
  80  6:16  Hatchery  
  79  6:25  Hatchery, Overlord  
  78  6:26  Overlord x2  
  78  6:28  Centrifugal Hooks  
  78  6:29  Zerg Ground Armor Level 1  
  78  6:31  Drone x3  
  81  6:33  Drone x2  
  81  6:34  Zergling x2  
  81  6:35  Zergling x20  
  94  6:41  Hatchery  
  94  6:43  Overseer  
  93  6:56  Zergling x18  
  102  7:05  Zergling x4  
  102  7:06  Overseer  
  104  7:13  Zergling x2  
  104  7:14  Zergling x4  
  107  7:20  Zergling x4  
  107  7:37  Zergling x12  
  109  7:40  Spore Crawler  
  109  7:42  Spore Crawler x3  
  109  7:45  Spore Crawler  
  109  7:47  Spire, Spore Crawler  
  109  7:48  Zergling x18  
  109  7:50  Baneling  
  109  7:51  Baneling x10  
  115  7:55  Zerg Missile Weapons Level 1  
  115  8:01  Zergling x26  
  115  8:02  Zergling x4  
  130  8:14  Overlord x4  
  87  9:11  Corruptor  
  87  9:12  Corruptor x10  
  87  9:13  Zergling x6  
  87  9:14  Zergling x14  
  117  9:24  Queen  
  105  9:49  Zergling x10  
  105  9:50  Zergling x16  
Show
View Real Time Build Order
Export as new Build Order

Cerbs Terran 

Build Orders:  

Get SALT Encoding   

  12  0:00  SCV  
  13  0:12  SCV  
  14  0:17  Supply Depot  
  14  0:24  SCV  
  15  0:39  Barracks  
  15  0:43  SCV  
  16  0:55  SCV  
  17  1:02  Refinery  
  17  1:07  SCV  
  18  1:20  SCV  
  19  1:27  Marine  
  20  1:32  Command Center  
  20  1:34  Orbital Command  
  20  1:45  Marine  
  20  1:46  Supply Depot  
  21  2:03  Marine  
  21  2:04  Bunker  
  22  2:10  SCV  
  23  2:19  Refinery  
  23  2:22  SCV  
  24  2:23  Marine  
  25  2:40  SCV  
  25  2:41  Marine  
  27  2:45  Orbital Command  
  27  2:52  SCV  
  28  2:59  Marine  
  28  3:01  Supply Depot  
  28  3:04  SCV  
  30  3:09  Factory  
  30  3:16  SCV  
  30  3:17  Supply Depot  
  31  3:20  SCV  
  31  3:25  Marine  
  33  3:28  SCV  
  33  3:33  Supply Depot, SCV  
  35  3:40  SCV  
  36  3:42  Marine  
  36  3:43  Refinery  
  36  3:47  SCV  
  38  3:48  Refinery  
  38  3:52  SCV  
  38  3:54  Starport  
  39  3:55  Factory Tech Lab  
  39  3:59  SCV  
  39  4:00  Marine  
  41  4:04  SCV  
  42  4:11  SCV  
  42  4:16  SCV  
  44  4:22  Starport  
  44  4:23  SCV  
  45  4:26  Factory Tech Lab  
  45  4:27  Command Center  
  45  4:28  SCV  
  46  4:35  SCV  
  47  4:41  SCV  
  47  4:43  Fusion Core  
  47  4:45  Banshee  
  51  4:47  SCV  
  51  4:49  Marine  
  53  4:53  SCV  
  53  4:59  SCV  
  55  5:03  Factory Tech Lab  
  55  5:04  Supply Depot  
  55  5:05  SCV  
  56  5:11  Viking, SCV  
  59  5:17  SCV  
  60  5:23  Starport  
  60  5:27  SCV, Armory  
  61  5:29  Engineering Bay, SCV  
  61  5:32  Supply Depot  
  62  5:41  Battlecruiser  
  68  5:46  Factory Tech Lab  
  68  5:51  Supply Depot  
  68  5:53  SCV x2  
  68  5:54  Orbital Command  
  70  6:03  Missile Turret  
  70  6:04  Missile Turret  
  70  6:07  SCV x2  
  70  6:08  Marine  
  73  6:25  Battlecruiser x2  
  85  6:27  Orbital Command  
  85  6:29  Starport  
  85  6:36  SCV  
  86  6:42  Supply Depot  
  86  6:44  Terran Ship Weapons Level 1  
  86  6:45  Raven  
  88  6:47  Armory  
  88  6:48  Supply Depot  
  88  6:51  SCV x2  
  88  6:52  Supply Depot  
  90  6:55  SCV  
  91  7:03  SCV  
  91  7:06  SCV  
  93  7:11  SCV  
  93  7:13  Refinery  
  93  7:15  SCV  
  95  7:16  Weapon Refit  
  95  7:18  Refinery, SCV  
  96  7:25  Battlecruiser  
  96  7:26  Starport  
  102  7:31  SCV x2  
  104  7:37  Supply Depot  
  104  7:39  Supply Depot  
  104  7:55  Battlecruiser  
  110  8:02  SCV x2  
  112  8:15  SCV  
  112  8:16  SCV  
  112  8:18  Command Center  
  114  8:20  Starport Tech Lab  
  49  8:57  Orbital Command  
  49  8:58  Battlecruiser x2  
Tags
 
Matchup
TvZ
Replay Pack
Myownreplay2
Spawn Locations
Cross Positions
Add a new tag
Caveats
  • Supply blocks, unpowered buildings, or Contaminate may cause inaccurate times.
  • Supply counts are checked every 10 seconds.